 Dungeon Crawl Stone Soup version 0.25-a0-1119-g28b6fd0c3b (webtiles) character file.

Game seed: 6193358516807603704, levelgen mode: deterministic

100 kae the Chiller (level 4, -7/30 HPs)
             Began as a Merfolk Ice Elementalist on May 18, 2020.
             Mangled by an orc
             ... wielding a +0 flail
              (8 damage)
             ... on level 2 of the Dungeon.
             The game lasted 00:03:00 (2308 turns).

kae the Chiller (Merfolk Ice Elementalist)          Turns: 2308, Time: 00:03:01

Health: -7/30      AC:  3    Str:  9    XL:     4   Next: 73%
Magic:  2/8        EV: 12    Int: 14    God:
Gold:   154        SH:  0    Dex: 14    Spells: 8/9 levels left

rFire    . . .     SeeInvis .   h - +0 dagger (elec)
rCold    . . .     Gourm    .   (no shield)
rNeg     . . .     Faith    .   a - +1 robe
rPois    .         Spirit   .   (no helmet)
rElec    .         Reflect  .   (no cloak)
rCorr    .         Harm     .   (no gloves)
MR       .....                  (no boots)
Stlth    ++........             (no amulet)
HPRegen  0.10/turn              (no ring)
MPRegen  0.11/turn              (no ring)

@: lightly drained
A: change form in water, swift swim, stealthy swim
a: no special abilities


You were on level 2 of the Dungeon.
You were not hungry.

You visited 1 branch of the dungeon, and saw 3 of its levels.

You collected 154 gold pieces.

Inventory:

Hand Weapons
 h - a +0 dagger of electrocution (weapon)
Armour
 a - a +1 robe (worn)
Jewellery
 n - an uncursed amulet of reflection {unknown}
Scrolls
 d - a scroll of remove curse
 e - a scroll of amnesia
 i - a scroll of blinking {unknown}
 m - a scroll of magic mapping {unknown}
Potions
 b - 2 potions of curing
 f - 2 potions of haste {unknown}
 g - a potion of brilliance {unknown}
 j - a potion of mutation {unknown}
 k - a potion of heal wounds {unknown}
 l - a potion of flight {unknown}
Comestibles
 c - 4 rations


   Skills:
 - Level 2.6(2.1) Dodging
 - Level 2.1(1.6) Stealth
 + Level 3.0(2.4) Spellcasting
 * Level 5.9(5.4) Ice Magic


You had 8 spell levels left.
You knew the following spells:

 Your Spells              Type           Power        Failure   Level  Hunger
a - Freeze                Ice            ###.         2%          1    #......

Your spell library contained the following spells:

 Spells                   Type           Power        Failure   Level  Hunger
 Frozen Ramparts          Ice            ###...       8%          3    ###....
 Ozocubu's Armour         Chrm/Ice       #.......     22%         3    ###....
 Hailstorm                Conj/Ice       #.......     58%         4    #####..
 Summon Ice Beast         Ice/Summ       #.......     58%         4    #####..


Dungeon Overview and Level Annotations

Branches:
Dungeon (3/15)

Altars:
Gozag


Message History

You freeze the orc.
The orc is heavily wounded.
The orc closely misses you. The orc hits you with a +0 flail.
* * * LOW HITPOINT WARNING * * *
Casting: Freeze (safe; 2% risk of failure)
Confirm with . or Enter, or press ? or * to list all spells.
Aiming: Freeze (safe; 2% risk of failure)
Press: ? - help, Shift-Dir - straight line, f/p - orc
Aim: an orc, wielding a +2 falchion of draining (heavily wounded)
You freeze the orc.
The orc is heavily wounded.
Casting: Freeze (safe; 2% risk of failure)
Confirm with . or Enter, or press ? or * to list all spells.
Aiming: Freeze (safe; 2% risk of failure)
Press: ? - help, Shift-Dir - straight line, f/p - orc
Aim: an orc, wielding a +2 falchion of draining (heavily wounded)
You freeze the orc.
The orc is severely wounded.
The orc closely misses you. The orc hits you with a +0 flail!
You die...

##............#
#.######.#
#..........#.##
#.#......#
#.....###.##.#
#.#.####.# #.....#
#..#.# #.#.####.####
#.....# ##.#.#
#.#..........
#.....#
#...####.#.#####..#.
#.....#
##.......#....##..#.
#.....#
#..)....#.##.##..#.
#.....#
#.@...#.#.##.##..#.
#######
###oo#.#.#..#.##..#.
#....#.#..#.#.##..#.
#.#.##.##.#.#.....#.
#.#..#<...#.####.##.
#.#.##.####.# #.##.
#.#.........# #.##<
#......###### #.##.
######.# #.###


You could see 2 orcs.

Vanquished Creatures
  Jessica (D:2)
  A gnoll (D:1)
  An adder (D:2)
  2 dart slugs
  2 leopard geckos
  An orc (D:2)
  3 giant cockroaches
  6 goblins
  5 hobgoblins
  A ball python (D:1)
  6 bats (D:1)
  2 frilled lizards (D:1)
  12 kobolds
  7 rats
50 creatures vanquished.

Notes
Turn   | Place    | Note
-------+----------+-------------------------------------------
     0 | D:1      | kae the Merfolk Ice Elementalist began the quest for the
                  | Orb.
     0 | D:1      | Reached XP level 1. HP: 13/13 MP: 3/3
   451 | D:1      | Reached XP level 2. HP: 19/19 MP: 3/5
   561 | D:1      | Reached skill level 5 in Ice Magic
   574 | D:1      | Reached XP level 3. HP: 8/24 MP: 0/6
  1671 | D:2      | Found an opulent altar of Gozag.
  1695 | D:2      | Reached XP level 4. HP: 20/30 MP: 1/8
  1976 | D:2      | Noticed Jessica
  1994 | D:2      | Killed Jessica
  2306 | D:2      | HP: 1/30 [orc/+0 flail (6)]
  2308 | D:2      | Mangled by an orc

Illustrated notes

Levels and vault maps discovered:
D:1:      erik_arrival_cave_to_civilisation [erik_arrival_cave_to_temple],
          layout_basic, minmay_vboxes
D:2:      layout_basic, grunt_gozag_statues, uniq_jessica
D:3:      layout_rooms, lemuel_round_altar, minmay_misc_feat_iff, uniq_natasha

Skill      XL: |  1  2  3  4 |
---------------+-------------+-----
Ice Magic      | 5 |  5.9
Spellcasting   | 3 |  3.0
Dodging        | |  2.6
Stealth        | |  2.1

Action                   |  1- 3 |  4- 6 || total
-------------------------+-------+-------++-------
Melee: Unarmed           |    16 |       ||    16
       Dagger            |    29 |    19 ||    48
 Cast: Freeze            |    40 |    13 ||    53
  Use: Scroll            |     5 |       ||     5
 Stab: Sleeping          |     3 |     3 ||     6
  Eat: Chunk             |     3 |     2 ||     5
Armor: Robe              |    11 |     2 ||    13
Dodge: Dodged            |    41 |    24 ||    65

Table legend:
 A = Non-vault XP
 B = Vault XP
 C = Vault XP percentage of total XP
 D = Non-vault monster count
 E = Vault monster count
 F = Vault count percentage of total count
                 A         B        C        D         E       F
            +---------+---------+-------+---------+---------+-------
      Total |      77 |      66 |  46.2 |      40 |      10 |  20.0
            +---------+---------+-------+---------+---------+-------
        D:1 |      31 |      29 |  48.3 |      21 |       9 |  30.0
        D:2 |      46 |      37 |  44.6 |      19 |       1 |   5.0
            +---------+---------+-------+---------+---------+-------
